 Dungeon Crawl Stone Soup version 0.31.0-11-ge490571c62 (webtiles) character file.

Game seed: 13169233909102917370

1582 qw the Nimble (level 8, -4/40 HPs)
             Began as a Spriggan Hunter on Feb 4, 2024.
             Slain by a water moccasin (7 damage)
             ... on level 5 of the Dungeon.
             The game lasted 00:00:14 (4108 turns).

qw the Nimble (Spriggan Hunter)                     Turns: 4108, Time: 00:00:15

Health: -4/40      AC:  2    Str:  7    XL:     8   Next: 60%
Magic:  9/9        EV: 24    Int: 11    God:
Gold:   224        SH:  0    Dex: 20    Spells: 7/7 levels left

rFire   . . .        d - +6 arbalest "Zibomed" {penet, Fly rC++ rCorr Stlth+}
rCold   + + .        (shield currently unavailable)
rNeg    + . .        c - +0 robe
rPois   .            (helmet restricted)
rElec   .            (no cloak)
rCorr   +            (gloves unavailable)
SInv    +            (boots unavailable)
Will    +....        g - amulet of the acrobat
Stlth   +++          e - ring of positive energy
HPRegen 0.26/turn    (no ring)
MPRegen 0.11/turn

%: acrobat
@: lethally poisoned (-4 -> -25), flying, very quick
A: very small, no large weapons, unfitting armour, see invisible, speed 3
a: no special abilities


You were on level 5 of the Dungeon.
You visited 1 branch of the dungeon, and saw 5 of its levels.
You also visited: Ossuary.

You collected 224 gold pieces.


Innate Abilities, Weirdness & Mutations

You are very small and have problems with some larger weapons.
You are too small for most types of armour.
You have supernaturally acute eyesight. (SInv)
You cover ground extremely quickly. (Speed+++)


   Skills:
 - Level 3.1 Fighting
 + Level 9.0 Ranged Weapons
 - Level 9.1 Dodging
 - Level 1.5 Stealth


You had 7 spell levels left.
You didn't know any spells.
Your spell library was empty.

Inventory:

Hand Weapons
 d - the +6 arbalest "Zibomed" (weapon) {penet, Fly rC++ rCorr Stlth+}
   (You acquired it on level 1 of the Dungeon)

   rC++:      It greatly protects you from cold.
   Fly:       It grants you flight.
   rCorr:     It protects you from acid and corrosion.
   Stlth+:    It makes you more stealthy.
Armour
 c - a +0 robe (worn)
Jewellery
 e - a ring of positive energy (left hand)
 g - an amulet of the acrobat (around neck)
Scrolls
 a - a scroll of identify
 b - a scroll of torment {unknown}
Potions
 j - a potion of curing
 k - a potion of heal wounds
 m - a potion of enlightenment

Dungeon Overview and Level Annotations

Branches:
Dungeon (5/15)            Ossuary (visited)
 Temple: D:4-7

Altars:
Gozag
Trog


Message History

You shoot a bolt. The bolt barely misses Duvessa.
The bolt pierces through Dowan!!
Dowan is almost dead.
You shoot a bolt.
The bolt pierces through the water moccasin.
The water moccasin is lightly wounded.
The bolt pierces through Duvessa!
Duvessa is severely wounded.
The bolt barely misses Dowan.
The water moccasin bites you.
You are poisoned.
The water moccasin poisons you!
You shoot a bolt.
The bolt barely misses the water moccasin.
The bolt pierces through Duvessa.
Duvessa is severely wounded.
The bolt pierces through Dowan!
You kill Dowan!
Duvessa screams, "No!
How DARE you!"
Duvessa goes berserk!
You feel very sick. The water moccasin bites you.
Duvessa rages.
The water moccasin bites you.
You shoot a bolt.
The bolt pierces through the water moccasin.
The water moccasin is moderately wounded.
The bolt pierces through Duvessa!
You kill Duvessa!
You feel very sick.
The water moccasin completely misses you.
The water moccasin bites you!
Your Dodging skill increases to level 9!
You shoot a bolt.
The bolt pierces through the water moccasin!
The water moccasin is severely wounded.
You feel sick. The water moccasin bites you!
You are more poisoned.
The water moccasin poisons you! The water moccasin bites you!
You die...

#.#..................#......
#.#..........#########......
#.'..........# #.#....
###..........# #.#...>
#.......#.## #.#.###
#.#...#.#.# #.#+##
#.#...#.#.# #....#
#.#.#.#.#.# #....#
#.#..<..#@# #....#
#.#######S# #....## #.. .).
########....'. ###
.....#.<.........##
...)..#...#####...#
......##...# #####
.......##...# #####
........##...# #.... #...#
#.###


You could see a water moccasin.

Vanquished Creatures
  Duvessa (D:5)
  2 black bears (D:5)
  2 phantoms (D:5)
  4 scorpions
  A wight (Ossuary)
  Dowan (D:5)
  3 bombardier beetles
  A hound (D:5)
  A human zombie (D:4)
  3 orc priests
  2 human skeletons (D:4)
  2 spectral scorpions (Ossuary)
  Natasha (thrice) (D:2)
  2 orc wizards
  2 iguanas (D:4)
  A crocodile zombie (Ossuary)
  10 mummies (Ossuary)
  3 adders
  A white imp (D:5)
  3 ribbon worms
  5 dart slugs
  15 orcs
  2 bats (D:2)
  2 endoplasms
  3 giant cockroaches
  6 goblins
  4 hobgoblins
  3 jackals (D:3)
  4 quokkas
  9 ball pythons
  A frilled lizard (D:1)
  3 gnoll skeletons (Ossuary)
  6 kobolds
  8 orc skeletons
  10 rats
  10 spectral rats (Ossuary)
139 creatures vanquished.

Notes
Turn   | Place    | Note
-------+----------+-------------------------------------------
     0 | D:1      | qw the Spriggan Hunter began the quest for the Orb.
     0 | D:1      | Reached XP level 1. HP: 10/10 MP: 2/2
     0 | D:1      | 0 ||| qw: Version: 0.3-a-160-g6735b56
     0 | D:1      | 0 ||| qw: Game counter: 5570
     0 | D:1      | 0 ||| qw: Melee chars always use a shield: true
     0 | D:1      | 0 ||| qw: God list: Okawaru
     0 | D:1      | 0 ||| qw: Allow faded altars: false
     0 | D:1      | 0 ||| qw: Do Orc after clearing Dungeon:15 true
     0 | D:1      | 0 ||| qw: Do second Lair branch before Depths: true
     0 | D:1      | 0 ||| qw: Lair rune preference: random
     0 | D:1      | 0 ||| qw: Goals: Normal
     0 | D:1      | 0 ||| PLANNING D:1-11
    19 | D:1      | Reached skill level 3 in Dodging
    98 | D:1      | Reached XP level 2. HP: 14/14 MP: 3/3
   656 | D:1      | 656 ||| READING scroll labelled NEIPSE QYMOHO.
   657 | D:1      | 657 ||| READING 2 scrolls labelled MACROG TEIXKUF.
   657 | D:1      | 657 ||| IDENTIFYING lumpy golden potion
   658 | D:1      | 658 ||| READING scroll of identify.
   658 | D:1      | 658 ||| IDENTIFYING blue potion
   659 | D:1      | 659 ||| READING scroll labelled JIQEULIRIH.
   660 | D:1      | 660 ||| READING scroll labelled FIUXAY ITWERARPH.
   661 | D:1      | 661 ||| READING scroll labelled AGGIPHAESCHO.
   661 | D:1      | 661 ||| ENCHANTING +0 shortbow.
   662 | D:1      | 662 ||| READING scroll labelled CIPIFR EWIYH MOI.
   662 | D:1      | Identified a scroll of acquirement
   662 | D:1      | 662 ||| ACQUIRING +6 arbalest "Zibomed" {penet, Fly rC++
                  | rCorr Stlth+}
   662 | D:1      | Acquired the +6 arbalest "Zibomed" {penet, Fly rC++ rCorr
                  | Stlth+}
   664 | D:1      | 664 ||| SWAPPING to +6 arbalest "Zibomed" {penet, Fly rC++
                  | rCorr Stlth+}.
   665 | D:1      | 665 ||| DROPPING +1 shortbow.
   666 | D:1      | 666 ||| DRINKING 2 black potions.
   667 | D:1      | 667 ||| DROPPING scroll of butterflies.
   668 | D:1      | 668 ||| DROPPING potion of degeneration.
   791 | D:2      | Reached XP level 3. HP: 18/18 MP: 4/4
   859 | D:2      | Noticed Natasha
   860 | D:2      | Killed Natasha
   887 | D:2      | Noticed Natasha
   889 | D:2      | Killed Natasha
   890 | D:2      | Reached XP level 4. HP: 22/22 MP: 5/5
  1055 | D:2      | Noticed Natasha
  1056 | D:2      | Killed Natasha
  1103 | D:2      | Reached XP level 5. HP: 23/26 MP: 6/6
  1139 | D:2      | 1139 ||| UPGRADING to amulet of the acrobat.
  1144 | D:2      | 1144 ||| UPGRADING to ring of positive energy.
  1145 | D:2      | 1145 ||| READING 2 scrolls of identify.
  1145 | D:2      | 1145 ||| IDENTIFYING scroll labelled BOUDUH LEUMN
  1146 | D:2      | 1146 ||| READING scroll of identify.
  1146 | D:2      | 1146 ||| IDENTIFYING 3 scrolls labelled ZUIXURI ZEOWK
  1147 | D:2      | 1147 ||| DROPPING 3 scrolls of immolation.
  1148 | D:2      | 1148 ||| DROPPING scroll of amnesia.
  1218 | D:3      | 1218 ||| FLEEEEING.
  1220 | D:3      | 1220 ||| FLEEEEING.
  1221 | D:3      | 1221 ||| FLEEEEING.
  1222 | D:3      | 1222 ||| FLEEEEING.
  1223 | D:3      | 1223 ||| FLEEEEING.
  1224 | D:3      | 1224 ||| FLEEEEING.
  1225 | D:3      | 1225 ||| FLEEEEING.
  1226 | D:3      | 1226 ||| FLEEEEING.
  1227 | D:3      | 1227 ||| FLEEEEING.
  1228 | D:3      | 1228 ||| STAIRDANCE
  1237 | D:2      | 1237 ||| READING scroll labelled GANIUT JUWACS.
  1274 | D:3      | Found an opulent altar of Gozag.
  1814 | D:3      | 1814 ||| READING 2 scrolls labelled TIOGUF BOIVOA.
  1915 | D:3      | 1915 ||| DROPPING scroll of vulnerability.
  1923 | D:4      | 1923 ||| PLANNING OSSUARY
  2010 | D:4      | Reached skill level 6 in Ranged Weapons
  2050 | D:4      | Found a sand-covered staircase.
  2109 | Ossuary  | Entered an ossuary
  2116 | Ossuary  | Reached XP level 6. HP: 30/30 MP: 7/7
  2187 | Ossuary  | Reached skill level 6 in Dodging
  2370 | Ossuary  | Reached XP level 7. HP: 35/35 MP: 8/8
  2370 | Ossuary  | 2370 ||| READING 3 scrolls of identify.
  2370 | Ossuary  | 2370 ||| IDENTIFYING fuming cyan potion
  2371 | Ossuary  | 2371 ||| READING 2 scrolls of identify.
  2371 | Ossuary  | 2371 ||| IDENTIFYING 2 coppery potions
  2372 | Ossuary  | 2372 ||| READING scroll of identify.
  2372 | Ossuary  | 2372 ||| IDENTIFYING scroll labelled HURIOBL BOXKE
  2373 | Ossuary  | 2373 ||| READING scroll labelled CEOROW ZORIO.
  2374 | Ossuary  | 2374 ||| READING scroll labelled FUUMIOXK SATROTUU.
  2475 | Ossuary  | 2475 ||| READING scroll labelled ZOUP RIEKEZUCS.
  2476 | Ossuary  | 2476 ||| DROPPING scroll of blinking.
  2477 | Ossuary  | 2477 ||| DROPPING 2 potions of attraction.
  2515 | D:4      | 2515 ||| PLANNING D:1-11
  3263 | D:5      | Entered Level 5 of the Dungeon
  3353 | D:5      | HP: 7/35 [poisoned by a scorpion]
  3358 | D:5      | HP: 4/35 [poisoned by a scorpion]
  3505 | D:5      | Found a bloodstained altar of Trog.
  3509 | D:5      | 3509 ||| RETREEEEATING.
  3512 | D:5      | Reached skill level 3 in Fighting
  3512 | D:5      | Reached XP level 8. HP: 40/40 MP: 9/9
  3670 | D:5      | 3670 ||| FLEEEEING.
  3673 | D:5      | 3673 ||| FLEEEEING.
  3675 | D:5      | 3675 ||| FLEEEEING.
  3676 | D:5      | 3676 ||| FLEEEEING.
  3677 | D:5      | 3677 ||| FLEEEEING.
  3679 | D:5      | 3679 ||| FLEEEEING.
  3982 | D:5      | Reached skill level 9 in Ranged Weapons
  4102 | D:5      | Noticed Duvessa
  4103 | D:5      | Noticed Dowan
  4106 | D:5      | Killed Dowan
  4107 | D:5      | Killed Duvessa
  4108 | D:5      | Reached skill level 9 in Dodging
  4108 | D:5      | HP: 3/40 [water moccasin (8)]
  4108 | D:5      | Slain by a water moccasin

Levels and vault maps discovered:
D:1:      tarquinn_simple_flora_water_a, layout_basic, minmay_misc_feat_tiny
D:2:      layout_rooms, minmay_tromino_mix6, uniq_natasha
D:3:      layout_loops_cross, grunt_gozag_statues, nicolae_elevator_lobby_plus
D:4:      layout_loops_corners, nicolae_ossuary_entry_catacombs
D:5:      layout_basic, trog_ov_bears_minmay, uniq_duvessa

Skill      XL: |  1  2  3  4  5  6  7  8 |
---------------+-------------------------+-----
Dodging        | 3 4 5 6 7 9 |  9.1
Ranged Weapons | 5 6 7 8 9 |  9.0
Fighting       | 2 3 |  3.1
Stealth        | |  1.5

Action                     |  1- 3 |  4- 6 |  7- 9 || total
---------------------------+-------+-------+-------++-------
   Fire: Shortbow          |    40 |       |       ||    40
         Arbalest          |    12 |   112 |    90 ||   214
    Use: Scroll            |     7 |     4 |     6 ||    17
         Potion            |     1 |       |       ||     1
 Armour: Robe              |     2 |     9 |    13 ||    24
  Dodge: Dodged            |     3 |    30 |    26 ||    59

Table legend:
 A = Non-vault XP
 B = Vault XP
 C = Vault XP percentage of total XP
 D = Non-vault monster count
 E = Vault monster count
 F = Vault count percentage of total count
                 A         B        C        D         E       F
            +---------+---------+-------+---------+---------+-------
      Total |    1268 |     992 |  43.9 |      94 |      45 |  32.4
            +---------+---------+-------+---------+---------+-------
        D:1 |      30 |       0 |   0.0 |      18 |       0 |   0.0
        D:2 |     127 |      43 |  25.3 |      20 |       3 |  13.0
        D:3 |      92 |       0 |   0.0 |      22 |       0 |   0.0
        D:4 |     347 |     122 |  26.0 |      15 |       6 |  28.6
        D:5 |     672 |     454 |  40.3 |      19 |       4 |  17.4
    Ossuary |       0 |     373 | 100.0 |       0 |      32 | 100.0
            +---------+---------+-------+---------+---------+-------
